 Dungeon Crawl Stone Soup version 0.23-a0-345-g28c3e8efcb (webtiles) character file.

37 Cesh the Vexing (level 3, -1/16 HPs)
             Began as a Spriggan Enchanter on Oct 20, 2018.
             Slain by an ogre
             ... wielding a +0 giant club
              (17 damage)
             ... on level 2 of the Dungeon.
             The game lasted 00:05:22 (1480 turns).

Cesh the Vexing (Spriggan Enchanter)                Turns: 1480, Time: 00:05:23

Health: -1/16      AC:  2    Str:  4    XL:     3   Next: 23%
Magic:  9/9        EV: 18    Int: 17    God:
Gold:   56         SH:  0    Dex: 16    Spells: 0/9 levels left

rFire    . . .     SeeInvis +   a - +1 dagger
rCold    . . .     Gourm    .   (shield restricted)
rNeg     . . .     Faith    .   b - +0 robe
rPois    .         Spirit   .   (helmet restricted)
rElec    .         Reflect  .   (no cloak)
rCorr    .         Harm     .   (gloves unavailable)
MR       .....                  (boots unavailable)
Stlth    +++.......             (no amulet)
HPRegen  0.05/turn              (no ring)
MPRegen  0.11/turn              (no ring)

@: very quick
A: very small, unfitting armour, see invisible, herbivore, speed 3, slow
metabolism 2
a: no special abilities


You were on level 2 of the Dungeon.
You were not hungry.

You visited 1 branch of the dungeon, and saw 2 of its levels.

You collected 56 gold pieces.

Inventory:

Hand Weapons
 a - a +1 dagger (weapon)
Missiles
 e - 17 poisoned needles
Armour
 b - a +0 robe (worn)
Scrolls
 c - 4 scrolls of identify
 f - 2 scrolls of teleportation {unknown}
Comestibles
 d - 5 rations


   Skills:
 - Level 1.1 Short Blades
 - Level 3.0 Dodging
 - Level 4.4 Stealth
 + Level 3.8 Spellcasting
 + Level 4.5 Hexes


You couldn't memorise any spells.
You knew the following spells:

 Your Spells              Type           Power        Failure   Level  Hunger
a - Ensorcelled Hibernat  Hex/Ice        ##....       10%         2    ##.....
b - Corona                Hex            ###....      2%          1    None
c - Confuse               Hex            ###.....     8%          3    ###....
d - Tukima's Dance        Hex            ###.....     8%          3    ###....

Your spell library contained the following spells:

 Spells                   Type           Power        Failure   Level  Hunger
 Dazzling Spray           Conj/Hex       ##....       19%         3    ###....


Dungeon Overview and Level Annotations

Branches:
Dungeon (2/15)

Altars:


Innate Abilities, Weirdness & Mutations

You are very small and have problems with some larger weapons.
You are too small for most types of armour.
You have supernaturally acute eyesight. (SInv)
You are a herbivore.
You cover ground extremely quickly.
You need to consume almost no food.


Message History

Your magical contamination has completely faded away.
You start resting.
Magic restored.
Unknown command.
d - 5 rations (gained 1)
f - a scroll labeled JOMEC UCKABEBEZ
As you read the scroll labeled JOMEC UCKABEBEZ, it crumbles to dust.
You feel blessed for a moment.
It was a scroll of remove curse.
Found 2 scrolls labeled KUSIALL LEEDYL.
Found a scroll of identify.
f - 2 scrolls labeled KUSIALL LEEDYL
c - 4 scrolls of identify (gained 1) Unknown command.
Unknown command.
The helpless ogre fails to defend itself.
You impale the ogre!!
The ogre is severely wounded.
The ogre hits you with a +0 giant club!
Ouch! That really hurt!
You die...

,#.# #.............######..,,,,,
*#.# #####.###.#.#######**,*****
*..# #....<...........,,,*
,.##***##.#.#...#.#######,,,*****
*.**,,,.....#...#.# *,,,,,,,,
*,**,*#...........# *,<*****,
*,**,*#.#.......### *,,* *,
*,**,*#.######$.###### *,,* *,
*,**,**,* #..@O...# *,,* *,
*,,,,,,,* #.#####.# *,,* *,
****,**** #.# *,* *,,*****, *,*
#.# **,** *,,,,,,,, *,*
#.#***,*,***,,*****, *,*
#..,,,***,,,,,* *<,, *,*
##****,*,***,,***,** *,* **,**
*,,,,,,,, **,** *,* *,*******


You could see an ogre.

Vanquished Creatures
  An adder (D:2)
  An ooze (D:1)
  A dart slug (D:1)
  A leopard gecko (D:1)
  3 giant cockroaches
  2 goblins (D:1)
  2 hobgoblins (D:1)
  A ball python (D:1)
  3 bats
  4 frilled lizards (D:1)
  2 kobolds (D:1)
  A rat (D:1)
22 creatures vanquished.

Notes
Turn   | Place    | Note
-------+----------+-------------------------------------------
     0 | D:1      | Cesh the Spriggan Enchanter began the quest for the Orb.
     0 | D:1      | Reached XP level 1. HP: 9/9 MP: 5/5
   388 | D:1      | Reached XP level 2. HP: 13/13 MP: 7/7
   392 | D:1      | Learned a level 2 spell: Ensorcelled Hibernation
  1215 | D:2      | Noticed an ogre
  1324 | D:2      | Reached XP level 3. HP: 16/16 MP: 1/9
  1329 | D:2      | Learned a level 3 spell: Confuse
  1333 | D:2      | Learned a level 3 spell: Tukima's Dance
  1480 | D:2      | Slain by an ogre

Vault maps used:
D:1:      minmay_arrival_three_doors, st_stairs_8, columned_hall_lemuel
D:2:      nicolae_gozag_seed_capital, first_ration, minmay_close_crescents

Skill      XL: |  1 |
---------------+----+-----
Spellcasting   | 3 |  3.8
Hexes          | 4 |  4.5
Short Blades   | |  1.1
Dodging        | |  3.0
Stealth        | |  4.4

Action                   || total
-------------------------++-------
Melee: Dagger            ||    98
 Cast: Corona            ||     5
       Ensorcelled Hiber ||    12
  Use: Scroll            ||     3
       Potion            ||     1
 Stab: Sleeping          ||     8
Armor: Robe              ||    14
Dodge: Dodged            ||    95

Table legend:
 A = Non-vault XP
 B = Vault XP
 C = Vault XP percentage of total XP
 D = Non-vault monster count
 E = Vault monster count
 F = Vault count percentage of total count
                 A         B        C        D         E       F
            +---------+---------+-------+---------+---------+-------
      Total |      38 |      16 |  29.6 |      20 |       2 |   9.1
            +---------+---------+-------+---------+---------+-------
        D:1 |      33 |       2 |   5.7 |      17 |       1 |   5.6
        D:2 |       5 |      14 |  73.7 |       3 |       1 |  25.0
            +---------+---------+-------+---------+---------+-------
